 Dungeon Crawl Stone Soup version 0.24-a0-358-g53aee78b01 (webtiles) character file.

Game seed: 7427446529899801014

119005 Inarius the Scorcher (level 16, -1/96 HPs)
             Began as a Deep Elf Fire Elementalist on May 24, 2019.
             Was the Champion of Vehumet.
             Killed from afar by a swamp worm (11 damage)
             ... with a harpoon shot
             ... on level 1 of the Swamp on May 25, 2019.
             The game lasted 01:35:51 (28349 turns).

Inarius the Scorcher (Deep Elf Fire Elementalist)  Turns: 28349, Time: 01:35:51

Health: -1/96      AC: 10    Str:  7    XL:     16   Next: 26%
Magic:  18/45      EV: 16    Int: 39    God:    Vehumet [******]
Gold:   1233       SH: 13    Dex: 18    Spells: 5/43 levels left

rFire    . . .     SeeInvis .   G - staff of fire
rCold    . . .     Gourm    .   L - +0 shield {reflect}
rNeg     . . .     Faith    .   w - +2 troll leather armour
rPois    +         Spirit   .   (no helmet)
rElec    .         Reflect  +   H - +0 cloak {MR+}
rCorr    .         Harm     .   x - +0 pair of gloves of a Million Ships {Str+2 Int+5 Slay+4}
MR       +++..                  v - +0 pair of boots {Fly}
Stlth    +++.......             u - +4 amulet of reflection
HPRegen  0.66/turn              d - ring of Makhleb's Supremacy {rF- MR+ Int+6 Stlth+}
MPRegen  0.29/turn              y - ring of Fixation {rPois MP+9 Dex+3}

@: flying
A: no striking features
a: Renounce Religion, Stop Flying


You were on level 1 of the Swamp.
You worshipped Vehumet.
Vehumet was exalted by your worship.
You were not hungry.

You visited 5 branches of the dungeon, and saw 25 of its levels.
You also visited: Gauntlet.

You collected 2955 gold pieces.
You spent 1722 gold pieces at shops.

Inventory:

Hand Weapons
 g - the +0 mace of the Exiled Nights {flame, rC++}
   (You found it on level 14 of the Dungeon)

   It has been specially enchanted to burn those struck by it, causing extra
   injury to most foes and up to half again as much damage against particularly
   susceptible opponents.
   It greatly protects you from cold.
 h - the +2 spear of Rosod {elec, *Slow rF+ Int+8, unknown}
   (You found it on level 15 of the Dungeon)

   Occasionally, upon striking a foe, it will discharge some electrical energy
   and cause terrible harm.
   It affects your intelligence (+8).
   It protects you from fire.
   It may slow you when you take damage.
 l - the +0 spear of War {venom, SInv}
   (You bought it in a shop on level 14 of the Dungeon)

   It poisons the flesh of those it strikes.
   It lets you see invisible.
Armour
 v - a +0 pair of boots of flying (worn)
 w - a +2 troll leather armour (worn)
 x - the +0 pair of gloves of a Million Ships (worn) {Str+2 Int+5 Slay+4}
   (You found it in a Gauntlet)

   It affects your strength (+2).
   It affects your intelligence (+5).
   It affects your accuracy and damage with ranged weapons and melee attacks
   (+4).
 H - a +0 cloak of magic resistance (worn)
 J - a +0 large shield
 L - a +0 shield of reflection (worn)
 R - a +1 robe of fire resistance
Magical Staves
 G - an uncursed staff of fire (weapon)
 S - an uncursed staff of cold
 Z - an uncursed staff of air
Jewellery
 d - the ring of Makhleb's Supremacy (left hand) {rF- MR+ Int+6 Stlth+}
   (You found it in a Gauntlet)

   [ring of stealth]

   It affects your intelligence (+6).
   It makes you vulnerable to fire.
   It affects your resistance to hostile enchantments.
   It makes you more stealthy.
 u - a +4 amulet of reflection (around neck)
 y - the ring of Fixation (right hand) {rPois MP+9 Dex+3}
   (You found it in a Gauntlet)

   [ring of magical power]

   It affects your dexterity (+3).
   It protects you from poison.
   It affects your magic capacity (+9).
 U - an uncursed ring of fire
Wands
 b - a wand of acid (8)
 I - a wand of paralysis (24)
 T - a wand of flame (15)
 X - a wand of iceblast (25)
Scrolls
 e - a scroll of fear
 o - 3 scrolls of fog
 s - 7 scrolls of remove curse
 t - 4 scrolls of amnesia
 C - 7 scrolls of teleportation
 E - a scroll of blinking
 K - a scroll of immolation
 M - 6 scrolls of enchant armour
 N - 4 scrolls of magic mapping
 P - a scroll of holy word
 W - a scroll of brand weapon
 Y - 2 scrolls of summoning
Potions
 a - 5 potions of heal wounds
 f - 4 potions of agility
 i - 4 potions of haste
 j - 2 potions of invisibility
 k - 4 potions of lignification
 m - a potion of berserk rage {unknown}
 n - 8 potions of flight
 p - 5 potions of ambrosia
 q - a potion of resistance
 r - 6 potions of mutation
 z - 3 potions of brilliance
 A - 7 potions of curing
 D - a potion of cancellation
 O - 3 potions of might
 Q - 3 potions of magic
Miscellaneous
 F - a lightning rod (4/4)
 V - a box of beasts
Comestibles
 c - 39 rations
 B - 7 chunks of flesh


   Skills:
 * Level 9.2 Fighting
   Level 1.0(1.7) Short Blades
   Level 2.0(2.1) Long Blades
 - Level 1.2 Staves
 + Level 3.3 Armour
 + Level 9.9 Dodging
 - Level 2.4 Stealth
 + Level 4.3 Shields
 - Level 14.1 Spellcasting
 + Level 13.5 Conjurations
 * Level 18.1 Fire Magic
 - Level 10.0 Evocations


You had 5 spell levels left.
You knew the following spells:

 Your Spells              Type           Power        Failure   Level  Hunger
a - Bolt of Cold          Conj/Ice       ######....   17%         6    None
b - Throw Flame           Conj/Fire      ######       0%          2    None
c - Conjure Flame         Conj/Fire      ########     1%          3    None
d - Fireball              Conj/Fire      ########..   1%          5    None
e - Sticky Flame          Conj/Fire      ########     1%          4    None
f - Bolt of Fire          Conj/Fire      ########..   1%          6    None
g - Venom Bolt            Conj/Pois      ######....   3%          5    None
h - Orb of Destruction    Conj           #######...   7%          7    ####...

Your spell library contained the following spells:

 Spells                   Type           Power        Failure   Level  Hunger
 Freezing Cloud           Conj/Ice/Air   ######....   38%         6    None
 Flame Tongue             Conj/Fire      #####        0%          1    None
 Inner Flame              Hex/Fire       #######.     1%          3    None
 Corona                   Hex            ####...      7%          1    None
 Summon Small Mammal      Summ           ####         7%          1    None
 Call Imp                 Summ           ####....     11%         2    None
 Slow                     Hex            ####....     11%         2    None
 Call Canine Familiar     Summ           ####....     22%         3    None
 Portal Projectile        Hex/Tloc       ####..       22%         3    None
 Summon Guardian Golem    Hex/Summ       ####....     22%         3    None
 Yara's Violent Unravell  Hex/Tmut       ####......   43%         5    None
 Cause Fear               Hex            ####......   56%         4    None
 Leda's Liquefaction      Hex/Erth       ####......   56%         4    None
 Summon Ice Beast         Ice/Summ       ####....     56%         4    None
 Summon Lightning Spire   Summ/Air       ####....     56%         4    None
 Silence                  Hex/Air        ####......   89%         5    None
 Deflect Missiles         Chrm/Air       ####......   100%        6    None
 Discord                  Hex            ####......   100%        8    #####..


Dungeon Overview and Level Annotations

Branches:
Dungeon (15/15)            Temple (1/1) D:4            Lair (6/6) D:10
  Swamp (1/4) Lair:4        Snake (0/4) Lair:2        Slime (0/5) Lair:6
    Orc (2/2) D:10            Elf (0/3) Orc:2        Vaults (0/5) D:13
 Depths (0/5) D:15

Altars:
Ashenzari
Cheibriados
Dithmenos
Elyvilon
Fedhas
Gozag
Hepliaklqana
Kikubaaqudgha
Nemelex Xobeh
Qazlal
Ru
Sif Muna
Trog
Uskayaw
Vehumet
Xom
Yredelemnul
Zin
The Shining One
Beogh
Jiyva

Shops:
D:4 }:(:(   D:6 *   D:12 *   D:14 ?[(   Orc:2 !%[*

Portals:
Trove: D:14 (give 12 potions of heal wounds)

Annotations:
D:10 3 runed translucent doors, ThereIsNoGod's ghost, novice OgFE


Message History

You feel a surge of power!
You hear a sizzling sound!
You are engulfed in freezing vapours.
The swamp worm bites you!!
Unknown command.
Casting: Bolt of Fire (safe; 1% risk of failure)
Confirm with . or Enter, or press ? or * to list all spells.
Aiming: Bolt of Fire (safe; 1% risk of failure)
Press: ? - help, Shift-Dir - straight line, f/p - bog body
Aim: a bog body (severely damaged)
You feel a surge of power!
The bolt of fire misses the bog body.
The tree smoulders and burns.
You block the swamp worm's attack. The swamp worm bites you!!
* * * LOW HITPOINT WARNING * * *
Unknown command.
The bog body points at you and mumbles some strange words.
The bolt of cold hits you!
* * * LOW HITPOINT WARNING * * *
The swamp worm throws harpoon shot at you.
The harpoon shot hits you!
You die...

........≈.....♣
...............♣
.≈≈.≈≈≈.≈≈≈♣.... ♣ ..
.≈.≈)..≈≈.≈.....♣♣..♣
≈♣.≈♣≈≈≈.≈≈...≈≈≈≈.§≈§≈§♣
≈≈..♣≈≈≈....♣.≈.♣≈.§≈.≈..
§≈≈...≈≈≈≈.≈≈.≈..≈n§.§≈..
≈≈≈.≈≈≈..≈......@.♣≈.....
≈..≈≈≈.≈...≈≈...≈≈w.≈≈≈≈.
≈.≈..≈.≈..♣≈§.≈.≈♣♣..≈≈≈.
≈.≈≈≈≈≈≈.♣≈≈.≈≈≈≈♣ ..≈≈≈
≈.♣♣≈≈...≈≈≈.≈..♣♣ ....
≈.♣♣♣≈≈.........♣ ≈≈≈
≈.......≈≈≈≈♣.♣.♣ ≈≈
≈.♣≈♣.≈≈♣≈≈≈♣♣..♣ ≈
♣.♣≈≈≈≈..≈≈≈≈≈♣≈♣


You could see a bog body and a swamp worm.

Vanquished Creatures
  Rupert (D:14)
  A tengu reaver (D:14)
  Donald (Orc:2)
  Agnes (D:14)
  An iron dragon (D:14)
  2 orc warlords
  Louise (D:14)
  A stone giant (Orc:1)
  A minotaur (Gauntlet)
  Snorg (Orc:2)
  A fire dragon (D:14)
  An ettin (Orc:2)
  Josephine (Orc:1)
  A yaktaur captain (D:15)
  Fannar (D:10)
  3 death knights
  4 vault guards (D:13)
  11 hydras
  Erica (Lair:2)
  3 two-headed ogres
  An alligator (Swamp:1)
  6 centaur warriors
  2 tengu warriors
  A deep troll earth mage (D:14)
  2 orc high priests
  Nergalle (Lair:4)
  Sonja (D:10)
  4 skeletal warriors (D:15)
  A death drake (Gauntlet)
  2 phantasmal warriors (D:15)
  A spectral wolf spider (Gauntlet)
  2 necromancers (D:13)
  5 orc sorcerers
  A wolf spider zombie (D:15)
  2 orc knights (D:12)
  3 oklob plants (Lair:1)
  6 ugly things
  9 deep elf magi (Orc:2)
  2 cyclopes
  4 manticores
  3 spectral centaurs (Gauntlet)
  Maurice (D:10)
  2 centaur zombies (D:12)
  6 elephants
  7 black mambas
  An ice statue (Gauntlet)
  A freezing wraith (D:15)
  A kobold demonologist (D:14)
  8 spiny frogs
  2 rime drakes (Gauntlet)
  An efreet (D:15)
  6 komodo dragons
  2 tyrant leeches
  4 meliai (D:14)
  A queen bee (Gauntlet)
  2 trolls
  5 slime creatures (D:13)
  4 hornets (Lair:6)
  4 polar bears
  7 blink frogs
  3 dream sheep
  11 hippogriffs
  4 redbacks (D:14)
  12 spriggans (Lair:6)
  A vampire (D:10)
  4 shadows
  3 wyverns
  7 wraiths
  A water elemental (D:14)
  17 humans (D:13)
  A tarantella (D:14)
  A fire elemental (Lair:3)
  35 yaks
  Grum (D:10)
  2 basilisks
  2 hungry ghosts
  9 vampire mosquitoes
  A soldier ant (D:11)
  3 swamp worms
  3 wargs
  19 water moccasins
  3 acid dragons
  A water moccasin (shapeshifter) (D:14)
  35 orc warriors
  7 porcupines
  A swamp drake (Swamp:1)
  4 sky beasts
  2 phantoms
  4 ice beasts
  5 black bears
  5 eyes of draining
  2 necrophages
  9 ogres
  5 boggarts (Lair:6)
  32 centaurs
  57 wolves
  11 crocodiles
  5 big kobolds
  An elf zombie (D:7)
  14 bullfrogs
  A wyvern zombie (D:14)
  4 scorpions
  A wyvern skeleton (D:14)
  13 killer bees
  11 wights
  12 howler monkeys
  8 electric eels
  5 crimson imps
  2 bullfrog zombies (D:12)
  A quasit (D:15)
  9 centaur skeletons
  2 jellies (D:9)
  Crazy Yiuf (D:6)
  A human skeleton (D:7)
  2 bullfrog skeletons
  4 hounds
  4 human zombies (D:7)
  48 orc wizards
  37 orc priests
  2 iguanas (D:10)
  5 hell rats (Lair:4)
  15 worker ants
  A mummy (D:7)
  2 worker ant zombies
  3 gnolls (D:5)
  A howler monkey skeleton (D:9)
  8 adders
  4 shadow imps
  An ooze (D:4)
  An adder skeleton (D:10)
  2 dart slugs
  6 leopard geckos
  73 orcs
  A giant cockroach (D:3)
  9 hobgoblins
  6 jackals
  14 kobolds
  6 quokkas
  3 ball pythons
  4 bats
  7 frilled lizards
  2 goblins (D:2)
  2 orc skeletons (D:7)
  An orc zombie (D:7)
  A quokka skeleton (D:4)
  19 rats
  2 plants (Lair:1)
872 creatures vanquished.

Vanquished Creatures (others)
  A yaktaur (D:15)
  26 fungi
  6 plants
33 creatures vanquished.

Grand Total: 905 creatures vanquished

Notes
Turn   | Place    | Note
-------+----------+-------------------------------------------
     0 | D:1      | Inarius the Deep Elf Fire Elementalist began the quest for
                  | the Orb.
     0 | D:1      | Reached XP level 1. HP: 10/10 MP: 6/6
   128 | D:1      | Reached XP level 2. HP: 15/15 MP: 4/8
   442 | D:1      | Reached skill level 4 in Fire Magic
   466 | D:1      | Learned a level 2 spell: Throw Flame
  1151 | D:2      | Reached XP level 3. HP: 19/19 MP: 7/10
  1632 | D:3      | Found a shadowy altar of Dithmenos.
  1664 | D:3      | Learned a level 3 spell: Conjure Flame
  2364 | D:3      | Reached XP level 4. HP: 21/24 MP: 6/12
  2623 | D:4      | Found a stormy altar of Qazlal.
  2681 | D:4      | Found a staircase to the Ecumenical Temple.
  2691 | Temple   | Entered the Ecumenical Temple
  2747 | Temple   | Became a worshipper of Vehumet
  2774 | D:4      | Found Iler's Gadget Emporium.
  2798 | D:4      | Found Donailan's Book Boutique.
  2846 | D:4      | Found Reen's Weapon Boutique.
  2899 | D:4      | Noticed an ogre
  2915 | D:4      | Killed an ogre
  2915 | D:4      | Reached skill level 5 in Fire Magic
  2915 | D:4      | Reached XP level 5. HP: 27/28 MP: 3/13
  3020 | D:4      | Found a shattered altar of Ashenzari.
  3033 | D:4      | Reached XP level 6. HP: 33/33 MP: 1/15
  3217 | D:4      | Found Tuhieg's Book Shop.
  3325 | D:4      | Reached skill level 5 in Spellcasting
  3325 | D:4      | Reached skill level 6 in Fire Magic
  3380 | D:4      | Found Oranyw's Antique Weapon Emporium.
  3517 | D:4      | Found a deep blue altar of Sif Muna.
  3530 | D:5      | Entered Level 5 of the Dungeon
  3595 | D:4      | Learned a level 5 spell: Fireball
  3915 | D:5      | Reached XP level 7. HP: 37/37 MP: 5/17
  4290 | D:5      | Reached skill level 1 in Fighting
  4296 | D:5      | Learned a level 4 spell: Sticky Flame
  4401 | D:5      | Reached skill level 7 in Fire Magic
  4461 | D:5      | Found a sparkling altar of Nemelex Xobeh.
  4642 | D:5      | Reached * piety under Vehumet
  4642 | D:5      | Offered knowledge of Sting by Vehumet.
  4920 | D:6      | Found a runed translucent door.
  4921 | D:6      | Noticed Crazy Yiuf
  4991 | D:6      | Found Riwuur's Assorted Antiques.
  5005 | D:6      | Bought 2 black potions for 46 gold pieces
  5005 | D:6      | Bought a scroll labeled UKANUN RE MEU for 26 gold pieces
  5005 | D:6      | Bought a scroll labeled CEOTAE RIROEF for 26 gold pieces
  5005 | D:6      | Bought a black potion for 23 gold pieces
  5005 | D:6      | Bought a fizzy golden potion for 23 gold pieces
  5046 | D:6      | Reached XP level 8. HP: 44/44 MP: 12/18
  5072 | D:6      | Reached skill level 8 in Fire Magic
  5343 | D:6      | Reached skill level 5 in Conjurations
  5872 | D:6      | Killed Crazy Yiuf
  5872 | D:6      | Reached skill level 1 in Short Blades
  5987 | D:7      | Reached skill level 9 in Fire Magic
  6239 | D:7      | Reached skill level 5 in Dodging
  6267 | D:7      | Reached XP level 9. HP: 41/50 MP: 5/19
  6360 | D:7      | Found a glowing silver altar of Zin.
  6360 | D:7      | Found a snail-covered altar of Cheibriados.
  6361 | D:7      | Found an ancient bone altar of Kikubaaqudgha.
  6700 | D:7      | Reached skill level 1 in Long Blades
  6943 | D:7      | Found an opulent altar of Gozag.
  7048 | D:7      | Offered knowledge of Sandblast by Vehumet.
  7212 | D:7      | Reached skill level 10 in Fire Magic
  7231 | D:7      | Reached ** piety under Vehumet
  7360 | D:7      | Found a basalt altar of Yredelemnul.
  7650 | D:8      | Found a hide-covered altar of Uskayaw.
  8177 | D:8      | Found a shattered altar of Ashenzari.
  8867 | D:9      | Noticed a troll
  8884 | D:9      | Killed a troll
  8919 | D:9      | Noticed a two-headed ogre
  8957 | D:9      | Killed a two-headed ogre
  8957 | D:9      | Reached skill level 1 in Evocations
  8957 | D:9      | Reached XP level 10. HP: 56/56 MP: 4/20
  8997 | D:9      | Identified the +2 scale mail of the Spider Nest {+Inv MR+
                  | Str+4}
  9008 | D:9      | Reached skill level 11 in Fire Magic
  9793 | D:10     | Entered Level 10 of the Dungeon
  9793 | D:10     | Found a staircase to the Orcish Mines.
  9797 | D:10     | Offered knowledge of Ignite Poison by Vehumet.
  9971 | D:10     | Reached skill level 1 in Armour
 10091 | D:10     | Noticed Maurice
 10092 | D:10     | Noticed Sonja
 10228 | D:10     | Killed Sonja
 10297 | D:10     | Reached *** piety under Vehumet
 10458 | D:10     | Noticed Fannar
 10476 | D:10     | Killed Fannar
 10476 | D:10     | Offered knowledge of Olgreb's Toxic Radiance by Vehumet.
 10485 | D:10     | Found a staircase to the Lair.
 10503 | D:10     | Noticed Grum
 10553 | D:10     | Killed Grum
 10667 | D:10     | Killed Maurice
 10667 | D:10     | Reached skill level 12 in Fire Magic
 10667 | D:10     | Reached XP level 11. HP: 60/62 MP: 15/23
 10825 | D:10     | Found a runed translucent gate.
 10825 | D:10     | Found a runed translucent gate.
 11032 | D:10     | Reached skill level 1 in Shields
 11117 | D:10     | Found a runed translucent gate.
 11117 | D:10     | Noticed ThereIsNoGod's ghost (novice OgFE)
 11132 | D:10     | Reached **** piety under Vehumet
 11531 | D:11     | Offered knowledge of Mephitic Cloud by Vehumet.
 11675 | D:10     | Reached skill level 5 in Fighting
 11707 | D:11     | Noticed an eight-headed hydra
 11788 | D:11     | Killed an eight-headed hydra
 11964 | D:11     | Reached skill level 5 in Evocations
 12281 | D:11     | Noticed a purple ugly thing
 12293 | D:11     | Killed a purple ugly thing
 12499 | D:11     | Noticed a centaur warrior
 12509 | D:11     | Killed a centaur warrior
 12631 | Lair:1   | Entered Level 1 of the Lair of Beasts
 12637 | D:10     | Identified a scroll of acquirement
 12780 | D:6      | Bought a runed troll leather armour for 468 gold pieces
 13045 | Lair:1   | Noticed a four-headed hydra
 13059 | Lair:1   | Killed a four-headed hydra
 13059 | Lair:1   | Reached ***** piety under Vehumet
 13177 | Lair:1   | Offered knowledge of Bolt of Fire by Vehumet.
 13181 | Lair:1   | Reached XP level 12. HP: 69/69 MP: 16/26
 13189 | Lair:1   | Learned a level 6 spell: Bolt of Fire
 13584 | Lair:1   | Noticed a four-headed hydra
 13600 | Lair:1   | Killed a four-headed hydra
 14234 | Lair:1   | Reached skill level 13 in Fire Magic
 14321 | Lair:2   | Noticed a five-headed hydra
 14328 | Lair:2   | Killed a five-headed hydra
 14394 | Lair:2   | Found a staircase to the Snake Pit.
 14405 | Lair:2   | Reached skill level 10 in Spellcasting
 14466 | Lair:2   | Noticed Erica
 14515 | Lair:2   | Paralysed by Erica for 3 turns
 14531 | Lair:2   | Killed Erica
 16579 | Lair:4   | Noticed Nergalle
 16582 | Lair:4   | Killed Nergalle
 16757 | Lair:4   | Reached XP level 13. HP: 75/75 MP: 26/29
 16859 | Lair:4   | Reached skill level 14 in Fire Magic
 17286 | Lair:4   | Reached skill level 10 in Conjurations
 17466 | Lair:4   | Found a staircase to the Swamp.
 17634 | Lair:5   | Found a gate leading to a gauntlet.
 17653 | Gauntlet | Entered a Gauntlet
 17653 | Gauntlet | Found a transporter.
 17653 | Gauntlet | Found a transporter.
 17653 | Gauntlet | Found a transporter.
 17678 | Gauntlet | Found a transporter.
 17688 | Gauntlet | Found a transporter.
 17690 | Gauntlet | Found a transporter.
 17700 | Gauntlet | Found a transporter.
 17719 | Gauntlet | Found a runed translucent door.
 17720 | Gauntlet | Found a transporter.
 17721 | Gauntlet | Found a runed translucent door.
 17735 | Gauntlet | Found a transporter.
 17738 | Gauntlet | Found a transporter.
 17746 | Gauntlet | Found a transporter.
 17749 | Gauntlet | Found a transporter.
 18007 | Gauntlet | Offered knowledge of Iskenderun's Battlesphere by Vehumet.
 18052 | Gauntlet | Got a vibrating platinum ring
 18055 | Gauntlet | Identified the ring of Fixation {rPois MP+9 Dex+3} (You
                  | found it in a Gauntlet)
 18167 | Gauntlet | Identified the ring of Due Proportion {*Drain +Fly rPois
                  | AC+3 SInv}
 18167 | Gauntlet | Noticed a minotaur
 18172 | Gauntlet | Killed a minotaur
 18187 | Gauntlet | Got a warped wooden ring
 18188 | Gauntlet | Got a pair of faintly humming gloves
 18194 | Gauntlet | Identified the cursed +0 pair of gloves of a Million Ships
                  | {Str+2 Int+5 Slay+4} (You found it in a Gauntlet)
 18198 | Gauntlet | Identified the ring of Makhleb's Supremacy {rF- MR+ Int+6
                  | Stlth+} (You found it in a Gauntlet)
 19136 | Lair:6   | Entered Level 6 of the Lair of Beasts
 19271 | Lair:6   | Found a basalt altar of Yredelemnul.
 19279 | Lair:6   | Found a viscous altar of Jiyva.
 19280 | Lair:6   | Found a staircase to the Slime Pits.
 19590 | Lair:6   | Offered knowledge of Ozocubu's Refrigeration by Vehumet.
 19591 | Lair:6   | Reached XP level 14. HP: 82/82 MP: 10/32
 19894 | Lair:6   | Reached skill level 15 in Fire Magic
 20779 | Orc:1    | Entered Level 1 of the Orcish Mines
 20779 | Orc:1    | Noticed a stone giant
 20787 | Orc:1    | Killed a stone giant
 20795 | Orc:1    | Offered knowledge of Venom Bolt by Vehumet.
 20802 | Orc:1    | Learned a level 5 spell: Venom Bolt
 21061 | Orc:1    | Noticed Josephine
 21065 | Orc:1    | Killed Josephine
 21311 | Orc:2    | Entered Level 2 of the Orcish Mines
 21328 | Orc:2    | Noticed Snorg
 21338 | Orc:2    | Killed Snorg
 21495 | Orc:2    | Found a staircase to the Elven Halls.
 21495 | Orc:2    | Noticed Donald
 21504 | Orc:2    | Killed Donald
 22729 | Orc:2    | Paralysed by an orc sorcerer for 7 turns
 22991 | Orc:2    | Found Loumnig's Assorted Antiques.
 22991 | Orc:2    | Found Vyammosit's Distillery.
 22991 | Orc:2    | Found Kiuzoruo's Food Shop.
 22997 | Orc:2    | Found Vuanieb's Armour Boutique.
 23045 | Orc:2    | Bought a scroll of identify for 76 gold pieces
 23045 | Orc:2    | Bought a bubbling purple potion for 34 gold pieces
 23047 | Orc:2    | Bought a potion of magic for 80 gold pieces
 23047 | Orc:2    | Bought a potion of mutation for 80 gold pieces
 23430 | D:12     | Offered knowledge of Orb of Destruction by Vehumet.
 23439 | D:12     | Learned a level 7 spell: Orb of Destruction
 23471 | D:12     | Reached skill level 16 in Fire Magic
 23723 | D:12     | Found Oblim's Assorted Antiques.
 23731 | D:12     | Bought a scroll of teleportation for 105 gold pieces
 23731 | D:12     | Bought a shimmering robe for 199 gold pieces
 23731 | D:12     | Bought a scroll of teleportation for 105 gold pieces
 23731 | D:12     | Bought a scroll labeled YLOMAEQOISCH for 35 gold pieces
 23741 | D:12     | Identified the +0 robe "Zoshratel" {MR- Str+6} (You bought
                  | it in a shop on level 12 of the Dungeon)
 23765 | D:12     | Noticed an orc warlord
 23769 | D:12     | Killed an orc warlord
 23769 | D:12     | Reached ****** piety under Vehumet
 23777 | D:12     | Reached XP level 15. HP: 88/88 MP: 12/34
 24112 | D:12     | Found a roughly hewn altar of Beogh.
 24228 | D:12     | Reached skill level 1 in Staves
 24260 | D:12     | Upgraded the game from 0.24-a0-355-gbe4061de67 to
                  | 0.24-a0-358-g53aee78b01
 24570 | D:13     | Offered knowledge of Bolt of Cold by Vehumet.
 24714 | D:13     | Identified the cursed +1 falchion "Killer Klown's Regret"
                  | {slice, Str+4 Stlth-}
 24795 | D:13     | Learned a level 6 spell: Bolt of Cold
 24809 | D:13     | Reached skill level 10 in Evocations
 24815 | D:13     | Found a gate to the Vaults.
 24992 | D:13     | Found an opulent altar of Gozag.
 25348 | D:14     | Noticed Agnes
 25363 | D:14     | Killed Agnes
 25363 | D:14     | Reached skill level 17 in Fire Magic
 25593 | D:14     | Found Xohurcheunn's Antique Weapon Boutique.
 25621 | D:14     | Bought a smoking spear for 224 gold pieces
 25676 | D:14     | Noticed Rupert
 25697 | D:14     | Killed Rupert
 25697 | D:14     | Offered knowledge of Freezing Cloud by Vehumet.
 25748 | D:14     | Found Lep Buewk's Armour Shoppe.
 25751 | D:14     | Noticed Louise
 25755 | D:14     | Killed Louise
 25759 | D:14     | Found Qain Sau's Magic Scroll Shop.
 25805 | D:14     | Bought a +0 cloak of magic resistance for 172 gold pieces
 26244 | D:14     | Noticed an orc warlord
 26454 | D:14     | Killed an orc warlord
 26472 | D:14     | Noticed a tengu reaver
 26476 | D:14     | Killed a tengu reaver
 26601 | D:14     | Noticed an iron dragon
 26627 | D:14     | Killed an iron dragon
 26643 | D:14     | Identified the cursed +0 spear of War {venom, SInv} (You
                  | bought it in a shop on level 14 of the Dungeon)
 26648 | D:14     | Got a pitted mace
 26649 | D:14     | Identified the +0 mace of the Exiled Nights {flame, rC++}
                  | (You found it on level 14 of the Dungeon)
 26651 | D:14     | Got a faintly humming plate armour
 26663 | D:14     | Identified the cursed +0 plate armour of Valiance {rN+++
                  | MR- rCorr Str-2} (You found it on level 14 of the Dungeon)
 26748 | D:14     | Found a portal to a secret trove of treasure.
 26777 | D:15     | Entered Level 15 of the Dungeon
 26860 | D:15     | Reached XP level 16. HP: 96/96 MP: 29/36
 27549 | D:15     | Got an encrusted spear
 27605 | D:15     | Reached skill level 18 in Fire Magic
 27779 | D:15     | Found a staircase to the Depths.
 28121 | Swamp:1  | Entered Level 1 of the Swamp
 28349 | Swamp:1  | Killed from afar by a swamp worm

Levels and vault maps discovered:
D:1:      erik_arrival_orb_chamber, layout_basic
D:2:      layout_basic, minmay_hexomino_u4
D:3:      layout_loops_corners, nicolae_overflow_crystal_walls, first_ration
D:4:      layout_loops_ring, led_sif_pool, ashenzari_conservatory_becter,
          old_standard_altar, minmay_temple_entry_tees, serial_shops, shop,
          nicolae_shop_behind_doors, shop, nicolae_shop_stone,
          nicolae_shop_trees
D:5:      layout_basic, nemelex_xobeh_ov_fountains_minmay
D:6:      layout_gridville, serial_shops, nicolae_shop_overgrown_old_shop,
          uniq_crazy_yiuf_cottage
D:7:      layout_layer_cave, lemuel_mausoleum_altar_yredelemnul,
          kennysheep_mini_moat, gammafunk_temple_overflow_forgotten
D:8:      layout_gridville, eat_drink_and_be_merry_uskayaw, basic_altar
D:9:      layout_layer_cave
D:10:     layout_roguey, grunt_lair_entry_orc_guard_hut, david_orc_3,
          gammafunk_ghost_spectres, uniq_maurice, uniq_sonja, uniq_grum,
          uniq_fannar
D:11:     kennysheep_six_static_rooms, layout_rooms
D:12:     orc_temple, layout_rooms, serial_shops, shop
D:13:     layout_roguey, grunt_vaults_entry_tiered, basic_altar
D:14:     minmay_sliced_demisemicircle, layout_basic,
          nicolae_trove_entry_crystal, serial_shops, shop, shop_fountains,
          nicolae_shop_statue_plus, hangedman_ranch [blue_anna_fruit_fields],
          uniq_rupert, uniq_agnes, uniq_louise
D:15:     grunt_enter_depths_snipers, layout_loops_cross, serial_bayou_shore_b
Temple:   jpeg_temple_clearing
Lair:1:   layout_loops_ring, nicolae_quartered_pool_super,
          bh_autumn_forest_stairs, minmay_lair_oklob_chamber
Lair:2:   layout_cave_pods, minmay_snake_entry_six_corridors,
          chequers_serial_rivers_marsh, uniq_erica
Lair:3:   layout_gridlike
Lair:4:   layout_gridlike, palyth_hydra_swamp_entry, uniq_nergalle
Lair:5:   layout_concentric_octagons, gauntlet_entry_generic, st_stairs_5,
          grunt_forest_large_clearings, serial_bayou_shore_b,
          grunt_megastairs_3, serial_bayou_shore_b
Lair:6:   minmay_lair_end_enchanted_forest, layout_loops_ring, slime_altar_1,
          basic_altar, chequers_serial_rivers_large_a, minivault_23
Swamp:1:  layout_falls_marsh, serial_swamp_ruin, evilmike_swamp_ruin_house_2,
          evilmike_swamp_ruin_house_1
Orc:1:    layout_caves, uniq_josephine
Orc:2:    st_orc_mages, layout_diamond_mine, elves_outpost_lemuel, uniq_snorg,
          uniq_donald

Skill      XL: |  1  2  3  4  5  6  7  8  9 10 11 12 13 14 15 16 |
---------------+-------------------------------------------------+-----
Fire Magic     | 4 5 6 7 9 10 12 13 14 16 17 18 | 18.1
Spellcasting   | 4 5 6 8 10 12 13 14 | 14.1
Dodging        | 3 5 6 7 8 9 |  9.9
Conjurations   | 2 3 4 5 7 8 9 10 11 13 | 13.5
Fighting       | 1 3 4 5 6 7 8 9 |  9.2
Short Blades   | 1 |  1.0
Long Blades    | 2 |  2.0
Evocations     | 1 4 5 7 8 9 10 | 10.0
Armour         | 1 2 3 |  3.3
Shields        | 1 2 3 4 |  4.3
Staves         | 1 |  1.2
Stealth        | |  2.4

Action                   |  1- 3 |  4- 6 |  7- 9 | 10-12 | 13-15 | 16-18 || total
-------------------------+-------+-------+-------+-------+-------+-------++-------
Melee: Unarmed           |    12 |       |       |       |       |       ||    12
       Dagger            |       |       |    26 |       |       |       ||    26
       Spear             |       |       |     4 |       |       |       ||     4
       Long sword        |       |       |    48 |   155 |    58 |       ||   261
       Staff             |       |       |       |       |    67 |     7 ||    74
 Cast: Flame Tongue      |    64 |    66 |   141 |   137 |     2 |       ||   410
       Throw Flame       |    14 |    14 |    69 |   226 |    74 |       ||   397
       Conjure Flame     |       |     3 |     7 |     9 |     1 |       ||    20
       Fireball          |       |       |    13 |    35 |   134 |     6 ||   188
       Sticky Flame      |       |       |     6 |    75 |    74 |     1 ||   156
       Bolt of Fire      |       |       |       |     6 |   177 |    52 ||   235
       Venom Bolt        |       |       |       |       |    30 |       ||    30
       Orb of Destructio |       |       |       |       |    10 |     1 ||    11
Evoke: Wand              |       |       |       |     7 |    24 |     4 ||    35
       Box of beasts     |       |       |       |     1 |       |       ||     1
       Lightning rod     |       |       |       |       |     1 |       ||     1
  Use: Scroll            |       |     6 |     5 |    12 |    19 |     1 ||    43
       Potion            |       |       |       |     4 |     2 |       ||     6
 Stab: Paralysed         |       |       |       |     9 |       |       ||     9
       Distracted        |       |       |       |       |     1 |       ||     1
  Eat: Chunk             |     5 |     5 |    17 |    25 |    50 |     5 ||   107
       Ration            |       |       |     1 |     4 |       |       ||     5
Armor: Robe              |     4 |     4 |    20 |       |       |       ||    28
       Troll leather arm |       |       |       |    71 |    53 |     3 ||   127
       Scale mail        |       |       |       |     2 |       |       ||     2
       Skin              |       |       |       |    48 |       |       ||    48
Dodge: Dodged            |    22 |    18 |    74 |   200 |   157 |     6 ||   477
Block: Other             |       |     6 |    19 |       |       |       ||    25
       Reflection        |       |       |     2 |     7 |     9 |     3 ||    21
       Buckler           |       |       |     1 |    60 |       |       ||    61
       Shield            |       |       |       |    85 |   188 |    12 ||   285
       Rpst.: Long sword |       |       |    15 |    66 |    22 |       ||   103

Table legend:
 A = Non-vault XP
 B = Vault XP
 C = Vault XP percentage of total XP
 D = Non-vault monster count
 E = Vault monster count
 F = Vault count percentage of total count
                 A         B        C        D         E       F
            +---------+---------+-------+---------+---------+-------
      Total |   86029 |   83979 |  49.4 |     555 |     316 |  36.3
            +---------+---------+-------+---------+---------+-------
        D:1 |      15 |      12 |  44.4 |      10 |      12 |  54.5
        D:2 |      18 |      13 |  41.9 |      11 |       6 |  35.3
        D:3 |     114 |       0 |   0.0 |      21 |       0 |   0.0
        D:4 |     408 |       0 |   0.0 |      14 |       0 |   0.0
        D:5 |     670 |       0 |   0.0 |      23 |       0 |   0.0
        D:6 |     967 |      41 |   4.1 |      27 |       1 |   3.6
        D:7 |    1117 |     436 |  28.1 |      19 |      12 |  38.7
        D:8 |     211 |       0 |   0.0 |       4 |       0 |   0.0
        D:9 |    2681 |       0 |   0.0 |      23 |       0 |   0.0
       D:10 |    2190 |    3824 |  63.6 |      48 |      21 |  30.4
       D:11 |    4958 |    1249 |  20.1 |      35 |       6 |  14.6
       D:12 |    7856 |    6410 |  44.9 |      46 |      28 |  37.8
       D:13 |    6725 |    8515 |  55.9 |      43 |      23 |  34.8
       D:14 |    7798 |   19313 |  71.2 |      30 |      23 |  43.4
       D:15 |   15294 |    2334 |  13.2 |      47 |       3 |   6.0
     Lair:1 |    5539 |    2414 |  30.4 |      20 |       9 |  31.0
     Lair:2 |    3644 |    1575 |  30.2 |      15 |       9 |  37.5
     Lair:3 |    2445 |       0 |   0.0 |      13 |       0 |   0.0
     Lair:4 |    4175 |    3564 |  46.1 |      20 |       6 |  23.1
     Lair:5 |    3593 |    4832 |  57.4 |      12 |      37 |  75.5
     Lair:6 |    7210 |    8093 |  52.9 |      20 |      48 |  70.6
    Swamp:1 |    1610 |       0 |   0.0 |       5 |       0 |   0.0
      Orc:1 |    3494 |    1897 |  35.2 |      25 |       5 |  16.7
      Orc:2 |    3297 |   13658 |  80.6 |      24 |      53 |  68.8
   Gauntlet |       0 |    5799 | 100.0 |       0 |      14 | 100.0
            +---------+---------+-------+---------+---------+-------
